 Dungeon Crawl Stone Soup version 0.29.1-4-g47bece8355 (webtiles) character file.

Game seed: 5859666776580707171

64 KittyFluff the Cudgeller (level 4, -3/28 HPs)
             Began as a Gargoyle Berserker on Dec 1, 2022.
             Was a Believer of Trog.
             Slain by Sigmund
             ... wielding a +3 scythe of freezing
              (9 damage)
             ... on level 3 of the Dungeon.
             The game lasted 00:09:23 (2303 turns).

KittyFluff the Cudgeller (Gargoyle Berserker)       Turns: 2303, Time: 00:09:24

Health: -3/28      AC:  7    Str: 21      XL:     4   Next: 12%
Magic:  4/4        EV: 11    Int:  7      God:    Trog [**....]
Gold:   81         SH:  3    Dex: 10 (11) Spells: 3/3 levels left

rFire   + . .      SeeInvis .   a - +0 mace
rCold   . . .      Faith    .   h - +0 buckler
rNeg    + . .      Spirit   .   p - +1 robe {Will+}
rPois   ∞          Reflect  .   (no helmet)
rElec   +          Harm     .   c - +0 cloak
rCorr   .          Rampage  .   (no gloves)
Will    +....                   (no boots)
Stlth   +.........              (no amulet)
HPRegen 0.09/turn               j - ring of protection from fire
MPRegen 0.09/turn               (no ring)

@: no status effects
A: sickness immunity, AC +3, negative energy resistance 1, electricity
resistance, torment resistance 1, petrification resistance
a: Renounce Religion, Berserk, Trog's Hand


You were on level 3 of the Dungeon.
You worshipped Trog.
Trog was pleased with you.
You visited 1 branch of the dungeon, and saw 4 of its levels.

You collected 81 gold pieces.

Inventory:

Hand Weapons
 a - a +0 mace (weapon)
Armour
 c - a +0 cloak (worn)
 e - a +0 leather armour
 h - a +0 buckler (worn)
 p - a +1 robe of willpower (worn)
Jewellery
 j - a ring of protection from fire (left hand)
Scrolls
 g - a scroll of blinking {unknown}
 i - a scroll of teleportation {unknown}
 l - a scroll of immolation {unknown}
 m - a scroll of butterflies {unknown}
 q - a scroll of brand weapon {unknown}
Potions
 b - a potion of flight {unknown}
 d - a potion of attraction {unknown}
 f - a potion of ambrosia {unknown}
 k - a potion of brilliance {unknown}
 n - 2 potions of haste {unknown}
 o - a potion of resistance {unknown}


   Skills:
 + Level 3.6 Fighting
 + Level 3.7 Maces & Flails
 + Level 0.2 Throwing
 * Level 2.8 Armour
 + Level 2.1 Dodging
 + Level 0.7 Stealth
 * Level 0.4 Shields


You had 3 spell levels left.
You didn't know any spells.
Your spell library was empty.

Dungeon Overview and Level Annotations

Branches:
Dungeon (4/15)
 Temple: D:4-7

Altars:
Makhleb
Ru
Xom

Annotations:
D:3 Sigmund
D:4 Eustachio


Innate Abilities, Weirdness & Mutations

You are immune to sickness and miasma.
Your stone body is resilient. (AC +3)
You are immune to poison.
You resist negative energy. (rN+)
You are resistant to electric shocks. (rElec)
You are resistant to unholy torment.
You are immune to petrification.


Message History

Found 8 gold pieces.
b - a viscous amethyst potion You now have 66 gold pieces (gained 8).
Found a spear.
Found a sacrificial altar of Ru.
Found 15 gold pieces.
q - a scroll labelled INUOL ITIC You now have 81 gold pieces (gained 15).
Found a burning altar of Makhleb.
Found a stone staircase leading down.
A ball python zombie and an adder zombie come into view.
Sigmund the Dreaded comes into view.
He is wielding a +3 scythe of freezing.
Sigmund shouts!
The ball python zombie barely misses you.
You block the ball python zombie's attack.
You barely miss the ball python zombie.
The ball python zombie closely misses you. x2
The ball python zombie bites you. The ball python zombie grabs you.
The ball python zombie constricts you.
You hit the ball python zombie.
The ball python zombie is almost destroyed.
The ball python zombie bites you but does no damage.
The ball python zombie constricts you.
You hit the ball python zombie.
You destroy the ball python zombie!
Trog accepts your kill.
Sigmund hits you from afar with a +3 scythe of freezing.
Sigmund freezes you. The adder zombie closely misses you.
You hit the adder zombie.
The adder zombie is moderately damaged.
The adder zombie closely misses you.
Sigmund casts a spell.
Sigmund flickers and vanishes!
Deactivating autopickup; reactivate with Ctrl-A.
You hit the adder zombie.
The adder zombie is severely damaged.
The adder zombie misses you. Something hits you! Something freezes you.
* * * LOW HITPOINT WARNING * * *
The adder zombie closely misses you. Something hits you!
You die...

......#.##.# #.#
############
###+###....# #.# # #.#
#....# #.# # #..##....#
##.# ####..#....####..♣
..###.#....##....♣
P.###.#.....+....♣
...........##....♣
##.........##...@♣♣.♣.♣
...........##....Z...♣
##...............#{♣....
.................+..♣ ♣♣
#.#####..........# ...
#. ###........# .... #.
........# .... #.
........# ###. ........#


You could see an adder zombie.

Vanquished Creatures
  2 worms (D:2)
  2 dart slugs
  An orc (D:3)
  4 ball pythons
  4 endoplasms
  2 giant cockroaches (D:2)
  3 goblins (D:1)
  6 hobgoblins
  10 jackals
  A quokka (D:1)
  A ball python zombie (D:3)
  3 bats (D:1)
  2 frilled lizards
  2 kobolds
  4 rats
47 creatures vanquished.

Vanquished Creatures (others)
  5 toadstools (D:1)
5 creatures vanquished.

Grand Total: 52 creatures vanquished

Notes
Turn   | Place    | Note
-------+----------+-------------------------------------------
     0 | D:1      | KittyFluff the Gargoyle Berserker began the quest for the
                  | Orb.
     0 | D:1      | Reached XP level 1. HP: 14/14 MP: 1/1
   196 | D:1      | Reached XP level 2. HP: 19/19 MP: 2/2
   814 | D:1      | Reached XP level 3. HP: 20/23 MP: 3/3
   824 | D:1      | Reached ** piety under Trog
  1462 | D:2      | Found a shimmering altar of Xom.
  1498 | D:2      | Reached XP level 4. HP: 4/28 MP: 4/4
  1799 | D:2      | You fall into a shaft and drop 2 floors!
  1802 | D:4      | Noticed Eustachio
  2161 | D:3      | Found a sacrificial altar of Ru.
  2215 | D:3      | Found a burning altar of Makhleb.
  2297 | D:3      | Noticed Sigmund
  2303 | D:3      | Slain by Sigmund

Illustrated notes

Levels and vault maps discovered:
D:1:      ldierk_walled_garden, layout_basic
D:2:      layout_rooms, basic_altar
D:3:      layout_basic, mainiacjoe_overflow_boulevard,
          mainiacjoe_overflow_tiny_flanked, nicolae_yredelemnul_corpse_copse,
          hellmonk_ecumenical_altar_watching_god, kennysheep_nub, uniq_ijyb,
          uniq_sigmund, uniq_terence, uniq_natasha
D:4:      layout_cave_pools, mainiacjoe_overflow_paths,
          nicolae_dithmenos_shadow_blocks, nicolae_overflow_hidden_temple,
          biasface_ghost_orc_armoury, uniq_eustachio, uniq_grinder,
          uniq_blork_the_orc

Skill      XL: |  1  2  3 |
---------------+----------+-----
Dodging        | 2 |  2.1
Fighting       | |  3.6
Maces & Flails | |  3.7
Throwing       | |  0.2
Armour         | |  2.8
Stealth        | |  0.7
Shields        | |  0.4

Action                   |  1- 3 |  4- 6 || total
-------------------------+-------+-------++-------
Melee: Mace              |   167 |    47 ||   214
Throw: Stone             |    11 |       ||    11
Invok: Berserk           |     1 |     1 ||     2
Armor: Animal skin       |    70 |       ||    70
       Robe              |     5 |    57 ||    62
Dodge: Dodged            |   115 |    84 ||   199
Block: Buckler           |     8 |    20 ||    28
